 Dungeon Crawl Stone Soup version 0.29.1-1-gd02db6906a (console) character file.

Game seed: 16477211809781331764

11 sentinel the Digger (level 2, 14/20 HPs)
             Began as a Meteoran Earth Elementalist on Oct 3, 2022.
             Quit the game on level 1 of the Dungeon.
             The game lasted 00:00:04 (91 turns).

sentinel the Digger (Meteoran Earth Elementalist)     Turns: 91, Time: 00:00:05

Health: 14/20      AC:  2    Str:  9    XL:     2   Next: 58%
Magic:  4/6        EV: 12    Int: 16    God:
Gold:   0          SH:  0    Dex: 14    Spells: 5/6 levels left

rFire   . . .      SeeInvis .   (no weapon)
rCold   . . .      Faith    .   (no shield)
rNeg    . . .      Spirit   .   a - +0 robe
rPois   .          Reflect  .   (no helmet)
rElec   .          Harm     .   (no cloak)
rCorr   .          Rampage  .   (no gloves)
Will    .....                   (no boots)
Stlth   +.........              (no amulet)
HPRegen 0.06/turn               (no ring)
MPRegen 0.10/turn               (no ring)

@: glowing
A: sense surroundings 1, otherworldly, glowing, explore regen
a: no special abilities


You were on level 1 of the Dungeon.
You visited 1 branch of the dungeon, and saw 1 of its levels.

Inventory:

Armour
 a - a +0 robe (worn)
Potions
 b - a potion of magic


   Skills:
 - Level 2.4 Dodging
 - Level 1.4 Stealth
 - Level 2.6 Spellcasting
 - Level 1.2 Transmutations
 + Level 4.5 Earth Magic


You had 5 spell levels left.
You knew the following spells:

 Your Spells              Type           Power      Damage    Failure   Level
a - Sandblast             Erth           32%        2d9       3%          1

Your spell library contained the following spells:

 Spells                   Type           Power      Damage    Failure   Level
 Passwall                 Tmut/Erth      9%         N/A       9%          2
 Stone Arrow              Conj/Erth      18%        3d8       22%         3
 Petrify                  Tmut/Erth      11%        N/A       52%         4


Dungeon Overview and Level Annotations

Branches:
Dungeon (1/15) Zot: 505

Altars:


Innate Abilities, Weirdness & Mutations

You passively map a small area around you.
You are easily found by Zot.
You glow in the dark.
You regain HP and MP as you explore.


Message History

The bat moves out of view.
Unknown command.
But you're not safe!
Unknown command.
But you're not safe!
Unknown command.
The blast of sand misses the gnoll.
The gnoll hits you but does no damage.
The blast of sand hits the gnoll!
The gnoll is almost dead.
The gnoll hits you from afar with a +0 spear.
The gnoll misses you.
The blast of sand hits the gnoll!
You kill the gnoll!
Your Earth Magic skill increases to level 4!
You have reached level 2!
You can't see any susceptible monsters within range! (Use Z to cast anyway.) Unknown command.
You can't see any susceptible monsters within range! (Use Z to cast anyway.) Unknown command.
You can't see any susceptible monsters within range! (Use Z to cast anyway.) Unknown command.
No target in view!
No target in view!
You can't see any susceptible monsters within range! (Use Z to cast anyway.) Unknown command.
You can't see any susceptible monsters within range! (Use Z to cast anyway.) Unknown command.
You can't see any susceptible monsters within range! (Use Z to cast anyway.) Unknown command.
You can't see any susceptible monsters within range! (Use Z to cast anyway.) Unknown command.
No target in view!
No target in view!
You can't see any susceptible monsters within range! (Use Z to cast anyway.) Unknown command.
You can't see any susceptible monsters within range! (Use Z to cast anyway.) Unknown command.
You can't see any susceptible monsters within range! (Use Z to cast anyway.) Unknown command.
You can't see any susceptible monsters within range! (Use Z to cast anyway.) Unknown command.
HP restored.
Magic restored.
A kobold comes into view. It is wielding a +0 club.
Unknown command.
But you're not safe!
Unknown command.
But you're not safe!
Unknown command.
But you're not safe!
Unknown command.
But you're not safe!
Unknown command.
The blast of sand hits the kobold.
You kill the kobold!
You can't see any susceptible monsters within range! (Use Z to cast anyway.) Unknown command.
You can't see any susceptible monsters within range! (Use Z to cast anyway.) Unknown command.
You can't see any susceptible monsters within range! (Use Z to cast anyway.) Unknown command.
You can't see any susceptible monsters within range! (Use Z to cast anyway.) Unknown command.
No target in view!
No target in view!
You can't see any susceptible monsters within range! (Use Z to cast anyway.) Unknown command.
You can't see any susceptible monsters within range! (Use Z to cast anyway.) Unknown command.
You can't see any susceptible monsters within range! (Use Z to cast anyway.) Unknown command.
You can't see any susceptible monsters within range! (Use Z to cast anyway.) Unknown command.
No target in view!
No target in view!
You can't see any susceptible monsters within range! (Use Z to cast anyway.) Unknown command.
You can't see any susceptible monsters within range! (Use Z to cast anyway.) Unknown command.
You can't see any susceptible monsters within range! (Use Z to cast anyway.) Unknown command.
You can't see any susceptible monsters within range! (Use Z to cast anyway.) Unknown command.
Found 15 gold pieces.
Unknown command.
A hobgoblin comes into view.
The hobgoblin shouts!
Unknown command.
But you're not safe!
Unknown command.
But you're not safe!
Unknown command.
But you're not safe!
Unknown command.
You hit the hobgoblin but do no damage. The hobgoblin hits you.
You hit the hobgoblin.
The hobgoblin is lightly wounded.
The hobgoblin misses you.
The blast of sand hits the hobgoblin.
The hobgoblin is severely wounded.
The hobgoblin hits you.
Unknown command.
The blast of sand hits the hobgoblin but does no damage.
The hobgoblin is severely wounded.
The hobgoblin hits you. The hobgoblin misses you.
Unknown command.
The blast of sand hits the hobgoblin.
The hobgoblin is almost dead.
The hobgoblin hits you.
Unknown command.
The blast of sand hits the hobgoblin.
You kill the hobgoblin!
Unknown command.
No target in view!
No target in view!
You can't see any susceptible monsters within range! (Use Z to cast anyway.) Unknown command.
You can't see any susceptible monsters within range! (Use Z to cast anyway.) Unknown command.
You can't see any susceptible monsters within range! (Use Z to cast anyway.) Unknown command.
You can't see any susceptible monsters within range! (Use Z to cast anyway.) Unknown command.
No target in view!
No target in view!
You can't see any susceptible monsters within range! (Use Z to cast anyway.) Unknown command.
You can't see any susceptible monsters within range! (Use Z to cast anyway.) Unknown command.
You can't see any susceptible monsters within range! (Use Z to cast anyway.) Unknown command.
You can't see any susceptible monsters within range! (Use Z to cast anyway.) Unknown command.
You see here a hobgoblin corpse.
You see here a hobgoblin corpse.
A dart slug comes into view.
Unknown command.
But you're not safe!
Unknown command.
But you're not safe!
Unknown command.
But you're not safe!
Unknown command.
But you're not safe!
Unknown command.
Unknown command.
Unknown command.
Unknown command.
Unknown command.
Are you sure you want to abandon this character and quit the game? (Confirm with "yes".)

, * #.# , * ,#w. *, #.## *
##### #.# * #..###
,###...##,..., ##...# ,
+......# #.# * ###.#
#$...###.# ## ####.#
#...†.##.# ##~##~##..
#...#..#.# ##~♣~~P~##. *
#...##.#@# #~♣8♣P8P~##
#...##.#.# ####~♣..P.### **
######.#.####...~~<......
#######.#......##~P..P.##.
*...)...........#~P8PP8P~#.
...............##~P~~P~##.
.##########....###~##~##..
..........#######.# ,
.######.#....# #.#


You could see a dart slug.

Vanquished Creatures
  A gnoll (D:1)
  A hobgoblin (D:1)
  A kobold (D:1)
3 creatures vanquished.

Notes
Turn   | Place    | Note
-------+----------+-------------------------------------------
     0 | D:1      | sentinel the Meteoran Earth Elementalist began the quest
                  | for the Orb.
     0 | D:1      | Reached XP level 1. HP: 14/14 MP: 5/5
    44 | D:1      | Reached skill level 4 in Earth Magic
    44 | D:1      | Reached XP level 2. HP: 14/20 MP: 2/6
    91 | D:1      | Quit the game

Illustrated notes

Levels and vault maps discovered:
D:1:      ldierk_walled_garden_2, layout_basic,
          shapermc_ecumenical_altar_starsandcircs

Skill      XL: |  1 |
---------------+----+-----
Earth Magic    | 4 |  4.5
Dodging        | |  2.4
Stealth        | |  1.4
Spellcasting   | |  2.6
Transmutations | |  1.2

Action                   || total
-------------------------++-------
Melee: Unarmed           ||     2
 Cast: Sandblast         ||     8
Armor: Robe              ||     1
Dodge: Dodged            ||     3
